 Dungeon Crawl Stone Soup version 0.30-a0-803-g13d4879 (webtiles) character file.

Game seed: 16817141286322770926

264 Illumine the Trooper (level 6, 0/39 HPs)
             Began as a Gargoyle Fighter on Feb 24, 2023.
             Blown up by Pikel (6 damage)
             ... with a mindburst bolt
             ... on level 4 of the Dungeon.
             The game lasted 00:03:54 (2864 turns).

Illumine the Trooper (Gargoyle Fighter)             Turns: 2864, Time: 00:03:54

Health: 0/39       AC: 14    Str: 22    XL:     6   Next: 19%
Magic:  6/6        EV:  9    Int:  8    God:
Gold:   214        SH:  9    Dex:  9    Spells: 5/5 levels left

rFire   . . .      SeeInvis .    a - +0 morningstar
rCold   . . .      Faith    .    c - +0 buckler
rNeg    + . .      Spirit   .    n - +0 scale mail
rPois   ∞          Reflect  +    F - +0 helmet
rElec   +          Harm     .    (no cloak)
rCorr   .          Rampage  .    (no gloves)
Will    .....                    w - +0 pair of boots Stlth
                                 h - amulet of reflection
HPRegen 0.26/turn                (no ring)
MPRegen 0.10/turn                (no ring)

@: mighty
A: sickness immunity, AC +4, negative energy resistance 1, electricity
resistance, torment resistance 1, petrification resistance
a: no special abilities


You were on level 4 of the Dungeon.
You visited 1 branch of the dungeon, and saw 5 of its levels.

You collected 214 gold pieces.

Inventory:

Hand Weapons
 a - a +0 morningstar (weapon)
 b - a +0 sling
Missiles
 p - 3 poisoned darts (quivered)
Armour
 c - a +0 buckler (worn)
 n - a +0 scale mail (worn)
 w - a +0 pair of boots (worn)
 F - a +0 helmet (worn)
Jewellery
 h - an amulet of reflection (around neck)
Wands
 r - a wand of acid (3)
Scrolls
 e - 2 scrolls of immolation {unknown}
 g - a scroll of acquirement {unknown}
 i - 3 scrolls of enchant armour {unknown}
 j - a scroll of silence {unknown}
 k - a scroll of blinking {unknown}
 l - a scroll of magic mapping {unknown}
 m - 2 scrolls of poison {unknown}
 q - a scroll of brand weapon {unknown}
 s - 2 scrolls of identify {unknown}
 t - a scroll of butterflies {unknown}
 v - a scroll of fear {unknown}
 y - a scroll of teleportation {unknown}
 z - a scroll of amnesia {unknown}
 C - a scroll of enchant weapon {unknown}
 D - a scroll of noise {unknown}
Potions
 f - 4 potions of curing {unknown}
 o - a potion of berserk rage {unknown}
 u - 2 potions of mutation {unknown}
 x - a potion of lignification {unknown}
 A - a potion of cancellation {unknown}
 B - a potion of haste {unknown}


   Skills:
 + Level 4.5 Fighting
 * Level 4.4 Maces & Flails
 + Level 4.4 Armour
 - Level 4.0 Shields


You had 5 spell levels left.
You didn't know any spells.
Your spell library contained the following spells:

 Spells                   Type           Power      Damage    Failure   Level
 Beastly Appendage        Tmut           0%         N/A       82%         1
 Foxfire                  Conj/Fire      0%         2x1d4     82%         1
 Wereblood                Tmut           0%         N/A       91%         2
 Portal Projectile        Hex/Tloc       0%         N/A       99%         3
 Spider Form              Tmut/Pois      0%         N/A       99%         3
 Tukima's Dance           Hex            0%         N/A       99%         3
 Blade Hands              Tmut           0%         N/A       100%        5
 Fireball                 Conj/Fire      0%         3d3       100%        5
 Starburst                Conj/Fire      0%         6d3       100%        6


Dungeon Overview and Level Annotations

Branches:
Dungeon (5/15)
 Temple: D:4-7

Altars:
Qazlal

Annotations:
D:4 Pikel
D:5 Dowan, Duvessa


Innate Abilities, Weirdness & Mutations

You are immune to sickness and miasma.
Your stone body is resilient. (AC +4)
You are immune to poison.
You resist negative energy. (rN+)
You are resistant to electric shocks. (rElec)
You are resistant to unholy torment.
You are immune to petrification.


Message History

The lemure attacks as you move away! You block the lemure's attack.
You barely miss Pikel. You block Pikel's attack.
You sock Pikel!
Pikel is moderately wounded.
You hear a shout!
A lemure comes into view.
Pikel zaps a wand.
Your mind is blasted!
A ball python comes into view.
You block Pikel's attack.
You closely miss Pikel.
Pikel is moderately wounded.
You block Pikel's attack.
Aiming: Corrosive Bolt
Press: ? - help, Shift-Dir - straight line, f - Pikel
Aim: Pikel, wielding a +2 whip of flaming, wearing a +0 robe and carrying a wand of mindburst (16) (moderately wounded, 64% to hit)
The bolt of acid misses Pikel.
The bolt of acid hits the lemure!
The acid corrodes the lemure!
The lemure is heavily wounded.
The bolt of acid hits the lemure!
The acid corrodes the lemure!
The lemure is heavily wounded.
You block Pikel's attack.
Aiming: Corrosive Bolt
Press: ? - help, Shift-Dir - straight line, f/p - Pikel
Aim: Pikel, wielding a +2 whip of flaming, wearing a +0 robe and carrying a wand of mindburst (16) (moderately wounded, 64% to hit)
The bolt of acid misses Pikel.
The bolt of acid hits the lemure!
The lemure seems to be corroded for longer.
You kill the lemure!
That felt strangely unrewarding.
The bolt of acid hits the lemure!
The lemure seems to be corroded for longer.
The lemure is almost dead.
A kobold comes into view. It is wielding a +0 short sword.
Pikel zaps a wand.
Your mind is blasted!
* * * LOW HITPOINT WARNING * * *
Unknown command.
You feel very mighty all of a sudden. Pikel hits you but does no damage.
You closely miss Pikel.
Pikel is moderately wounded.
Pikel zaps a wand.
Your mind is blasted!
You die...

### ... #..###
.###...55
......#.#
......K5##########
......5SK@........
###.##5##########
###


You could see Pikel, 3 lemures, a ball python and a kobold.

Vanquished Creatures
  A phantom (D:5)
  A lemure (D:4)
  A hound (D:4)
  Robin (D:4)
  4 gnolls (D:3)
  4 adders
  A dart slug (D:1)
  2 orcs
  5 endoplasms
  4 giant cockroaches (D:1)
  12 goblins
  2 hobgoblins
  5 jackals
  4 quokkas
  4 ball pythons
  5 bats
  5 frilled lizards
  7 kobolds
  3 rats
71 creatures vanquished.

Notes
Turn   | Place    | Note
-------+----------+-------------------------------------------
     0 | D:1      | Illumine the Gargoyle Fighter began the quest for the Orb.
     0 | D:1      | Reached XP level 1. HP: 14/14 MP: 1/1
    86 | D:1      | Reached XP level 2. HP: 13/19 MP: 2/2
   545 | D:1      | Reached XP level 3. HP: 15/23 MP: 3/3
   892 | D:1      | Found a faded altar of an unknown god.
  1601 | D:3      | Reached XP level 4. HP: 29/29 MP: 4/4
  2026 | D:3      | Reached XP level 5. HP: 33/33 MP: 5/5
  2535 | D:4      | Noticed Robin
  2593 | D:4      | Killed Robin
  2713 | D:4      | Found a stormy altar of Qazlal.
  2715 | D:4      | Noticed a water elemental
  2715 | D:4      | Noticed an air elemental
  2715 | D:4      | Noticed a fire elemental
  2715 | D:4      | Noticed an ogre
  2727 | D:5      | Entered Level 5 of the Dungeon
  2727 | D:5      | Noticed a phantom
  2742 | D:5      | Killed a phantom
  2743 | D:5      | Reached XP level 6. HP: 32/39 MP: 6/6
  2825 | D:5      | Noticed Dowan
  2826 | D:5      | Noticed Duvessa
  2853 | D:4      | Noticed Pikel
  2864 | D:4      | Blown up by Pikel

Illustrated notes

Levels and vault maps discovered:
D:1:      wander_arrival_peaceful_grave, layout_basic,
          dilly_ecumenical_altar_fadedgnrine
D:2:      layout_rooms, minmay_misc_feat_roman
D:3:      layout_basic, serial_glass, glass_columns_b, glass_columns_a
D:4:      layout_basic, nicolae_yredelemnul_ghost_church,
          nicolae_qazlal_style_of_elements, uniq_pikel, uniq_robin,
          uniq_crazy_yiuf_cottage
D:5:      layout_gridville, minmay_temple_entry_offerings, serial_undead,
          serial_undead_b, serial_undead_a, serial_undead_b, serial_undead_d,
          serial_undead_c, serial_undead_b, serial_undead_e, serial_undead_e,
          serial_undead_d, serial_undead_b, uniq_duvessa, uniq_ijyb,
          uniq_sigmund

Skill      XL: |  1  2  3  4  5 |
---------------+----------------+-----
Maces & Flails | 3 4 |  4.4
Shields        | 4 |  4.0
Fighting       | 4 |  4.5
Armour         | 4 |  4.4

Action                     |  1- 3 |  4- 6 || total
---------------------------+-------+-------++-------
  Melee: Flail             |   146 |    16 ||   162
         Morningstar       |       |   126 ||   126
  Evoke: Wand              |       |     4 ||     4
    Use: Potion            |       |     1 ||     1
 Armour: Scale mail        |    90 |   121 ||   211
  Dodge: Dodged            |    80 |    86 ||   166
  Block: Buckler           |    36 |    58 ||    94
         Reflection        |       |     1 ||     1

Table legend: (Time is in decaauts)
 A = Elapsed time spent in this place.
 B = Non-inter-level travel time spent in this place.
 C = Inter-level travel time spent in this place.
 D = Time resting spent in this place.
 E = Time spent auto-exploring this place.
 F = Levels seen in this place.
 G = Mean time per level.
                   A        B        C        D        E       F      G
               +--------+--------+--------+--------+--------+-----+--------+
         Total |   2955 |   2821 |    134 |    173 |   1863 |   5 |  591.0 |
       Dungeon |   2955 |   2821 |    134 |    173 |   1863 |   5 |  591.0 |
               +--------+--------+--------+--------+--------+-----+--------+

Top non-repeatable levels by time:
     D:1: 941 daAuts
     D:3: 915 daAuts
     D:2: 586 daAuts
     D:4: 381 daAuts
     D:5: 130 daAuts
